TOP OF THE 1ST |
Spokane Indians batting - Pitching for Hudson Valley Renegades : RHP Jaime Astacio
|
Pitching: RHP Jaime Astacio
|
|
Batting: RHB Darnell Jones
|
0-0: Ball 1-0: Ball 2-0: Called Strike 2-1: Ball 3-1: Foul Ball, location: 2F 3-2: Foul Ball, location: 2F 3-2: Base on Balls
|
Batting: LHB Jesus Romero
|
0-0: Ball Darnell Jones steals 2nd base 1-0: Foul Ball, location: 2F 1-1: Foul Ball, location: 2F 1-2: Ground out 4-3 (Groundball, 4, EV 106.9 MPH) Darnell Jones to third
|
Batting: LHB Nick Foutz
|
0-0: Fly out, F9 (Flyball, 9, EV 92.5 MPH)
|
Batting: RHB Casey Nelligan
|
0-0: Called Strike 0-1: Called Strike 0-2: Ball 1-2: Ball 2-2: Fly out, F7 (Flyball, 7D, EV 85.6 MPH)
|
Top of the 1st over - 0 runs, 0 hits, 0 errors, 1 left on base; Spokane 0 - Hudson Valley 0 |
BOTTOM OF THE 1ST |
Hudson Valley Renegades batting - Pitching for Spokane Indians : LHP Valery Sahanov
|
Pitching: LHP Valery Sahanov
|
|
Batting: SHB Chris Lockart
|
0-0: Called Strike 0-1: Swinging Strike 0-2: Ball 1-2: Strikes out swinging
|
Batting: RHB Eric Narrow
|
0-0: Ball 1-0: Called Strike 1-1: Ground out 6-3 (Groundball, 6, EV 102.5 MPH)
|
Batting: RHB Kevin Kush
|
0-0: Called Strike 0-1: Ball 1-1: Ball 2-1: Swinging Strike 2-2: Foul Ball, location: 2F 2-2: Strikes out swinging
|
Bottom of the 1st over - 0 runs, 0 hits, 0 errors, 0 left on base; Spokane 0 - Hudson Valley 0 |
TOP OF THE 2ND |
Spokane Indians batting - Pitching for Hudson Valley Renegades : RHP Jaime Astacio
|
Batting: LHB Dave Doughty
|
0-0: Foul Ball, location: 2F 0-1: Foul Ball, location: 2F 0-2: Ball 1-2: Ball 2-2: Ball 3-2: Strikes out looking
|
Batting: LHB Mike Sammons
|
0-0: Foul Ball, location: 2F 0-1: Ball 1-1: Foul Ball, location: 2F 1-2: Ball 2-2: Foul Ball, location: 2F 2-2: Fly out, F9 (Line Drive, 9LM, EV 93.8 MPH)
|
Batting: RHB Rafael Medina
|
0-0: Swinging Strike 0-1: SINGLE (Line Drive, 9S, EV 111.2 MPH)
|
Batting: RHB Luis Reyna
|
0-0: SINGLE (Groundball, 4MD, EV 98.1 MPH) Rafael Medina to second Rafael Medina to third
|
Batting: RHB Reilly Hawkins
|
0-0: Called Strike Luis Reyna steals 2nd base 0-1: Called Strike 0-2: Strikes out looking
|
Top of the 2nd over - 0 runs, 2 hits, 0 errors, 2 left on base; Spokane 0 - Hudson Valley 0 |
BOTTOM OF THE 2ND |
Hudson Valley Renegades batting - Pitching for Spokane Indians : LHP Valery Sahanov
|
Batting: SHB Suljo Dokic
|
0-0: Called Strike 0-1: Ball 1-1: Called Strike 1-2: Strikes out looking
|
Batting: RHB Wil Urban
|
0-0: Swinging Strike 0-1: Swinging Strike 0-2: Foul Ball, location: 2F 0-2: Foul Ball, location: 2F 0-2: Strikes out swinging
|
Batting: RHB Evan Chalarian
|
0-0: Called Strike 0-1: Ball 1-1: Foul Ball, location: 2F 1-2: SINGLE (Groundball, 56D, EV 100.0 MPH)
|
Batting: RHB Jesus Carrillo
|
0-0: Hit by Pitch Evan Chalarian to second
|
Batting: SHB Josif Popovski
|
0-0: Ball 1-0: Foul Ball, location: 2F 1-1: Called Strike 1-2: Strikes out swinging
|
Bottom of the 2nd over - 0 runs, 1 hit, 0 errors, 2 left on base; Spokane 0 - Hudson Valley 0 |
TOP OF THE 3RD |
Spokane Indians batting - Pitching for Hudson Valley Renegades : RHP Jaime Astacio
|
Batting: RHB Darnell Jones
|
0-0: Ball 1-0: Ball 2-0: Ground out 5-3 (Groundball, 5L, EV 91.2 MPH)
|
Batting: LHB Jesus Romero
|
0-0: Ball 1-0: Ground out 4-3 (Groundball, 4D, EV 96.2 MPH)
|
Batting: LHB Nick Foutz
|
0-0: Ball 1-0: Foul Ball, location: 2F 1-1: Foul Ball, location: 2F 1-2: Ball 2-2: Ground out 4-3 (Groundball, 4, EV 89.4 MPH)
|
Top of the 3rd over - 0 runs, 0 hits, 0 errors, 0 left on base; Spokane 0 - Hudson Valley 0 |
BOTTOM OF THE 3RD |
Hudson Valley Renegades batting - Pitching for Spokane Indians : LHP Valery Sahanov
|
Batting: RHB Greg Grayson
|
0-0: Ground out 3-1 (Groundball, 13, EV 85.6 MPH)
|
Batting: SHB Chris Lockart
|
0-0: Ball 1-0: Ball 2-0: Fly out, F7 (Flyball, 78M, EV 88.8 MPH)
|
Batting: RHB Eric Narrow
|
0-0: Ball 1-0: Ball 2-0: Fly out, F9 (Flyball, 9LSF, EV 94.4 MPH)
|
Bottom of the 3rd over - 0 runs, 0 hits, 0 errors, 0 left on base; Spokane 0 - Hudson Valley 0 |
TOP OF THE 4TH |
Spokane Indians batting - Pitching for Hudson Valley Renegades : RHP Jaime Astacio
|
Batting: RHB Casey Nelligan
|
0-0: Ball 1-0: Ball 2-0: Foul Ball, location: 2F 2-1: Foul Ball, location: 2F 2-2: SINGLE (Line Drive, 56D, EV 97.5 MPH)
|
Batting: LHB Dave Doughty
|
0-0: Called Strike 0-1: Ball 1-1: SINGLE (Groundball, 6D, EV 103.8 MPH) Casey Nelligan to second
|
Batting: LHB Mike Sammons
|
0-0: Ball 1-0: Swinging Strike 1-1: Foul Ball, location: 2F 1-2: Strikes out swinging
|
Batting: RHB Rafael Medina
|
0-0: Ball 1-0: Foul Ball, location: 2F 1-1: Called Strike 1-2: Ball 2-2: Foul Ball, location: 2F 2-2: Fly out, F9 (Flyball, 89S, EV 95.0 MPH)
|
Batting: RHB Luis Reyna
|
0-0: Ball 1-0: Ball 2-0: Foul Ball, location: 2F 2-1: Ball 3-1: Base on Balls Casey Nelligan to third Dave Doughty to second
|
Batting: RHB Reilly Hawkins
|
0-0: Called Strike 0-1: Foul Ball, location: 2F Balk! Casey Nelligan scores Dave Doughty to third Luis Reyna to second 0-2: Strikes out looking
|
Top of the 4th over - 1 run, 2 hits, 0 errors, 2 left on base; Spokane 1 - Hudson Valley 0 |
BOTTOM OF THE 4TH |
Hudson Valley Renegades batting - Pitching for Spokane Indians : LHP Valery Sahanov
|
Batting: RHB Kevin Kush
|
0-0: Ball 1-0: Ball 2-0: Foul Ball, location: 2F 2-1: Foul Ball, location: 2F 2-2: Ground out 6-3 (Groundball, 6, EV 105.0 MPH)
|
Batting: SHB Suljo Dokic
|
0-0: Ball 1-0: Foul Ball, location: 2F 1-1: Ball 2-1: Called Strike 2-2: Foul Ball, location: 2F 2-2: Foul Ball, location: 2F 2-2: Foul Ball, location: 2F 2-2: Foul Ball, location: 2F 2-2: Strikes out swinging
|
Batting: RHB Wil Urban
|
0-0: Ball 1-0: Ball 2-0: Ground out 6-3 (Groundball, 6, EV 86.2 MPH)
|
Bottom of the 4th over - 0 runs, 0 hits, 0 errors, 0 left on base; Spokane 1 - Hudson Valley 0 |
TOP OF THE 5TH |
Spokane Indians batting - Pitching for Hudson Valley Renegades : RHP Jaime Astacio
|
Batting: RHB Darnell Jones
|
0-0: Called Strike 0-1: Ball 1-1: Ball 2-1: Foul Ball, location: 2F 2-2: Fly out, F8 (Flyball, 8LS, EV 87.5 MPH)
|
Batting: LHB Jesus Romero
|
0-0: Swinging Strike 0-1: Foul Ball, location: 2F 0-2: Foul Ball, location: 2F 0-2: Ball 1-2: Ball 2-2: Foul Ball, location: 2F 2-2: Ground out 1-3 (Groundball, 13S, EV 67.5 MPH)
|
Batting: LHB Nick Foutz
|
0-0: Swinging Strike 0-1: Swinging Strike 0-2: Ball 1-2: Ball 2-2: Ground out 5-3 (Groundball, 56S, EV 71.9 MPH)
|
Top of the 5th over - 0 runs, 0 hits, 0 errors, 0 left on base; Spokane 1 - Hudson Valley 0 |
BOTTOM OF THE 5TH |
Hudson Valley Renegades batting - Pitching for Spokane Indians : LHP Valery Sahanov
|
Batting: RHB Evan Chalarian
|
0-0: Ground out 6-3 (Groundball, 6S, EV 66.9 MPH)
|
Batting: RHB Jesus Carrillo
|
0-0: Called Strike 0-1: SINGLE (Groundball, 6MD, EV 106.9 MPH)
|
Batting: SHB Josif Popovski
|
0-0: Called Strike 0-1: Fly out, F8 (Flyball, 8RS, EV 81.2 MPH)
|
Batting: RHB Greg Grayson
|
0-0: Foul Ball, location: 2F 0-1: Ball 1-1: Ball 2-1: Ball 3-1: Base on Balls Jesus Carrillo to second
|
Batting: SHB Chris Lockart
|
0-0: Swinging Strike 0-1: Ball 1-1: SINGLE (Groundball, 56D, EV 99.4 MPH) Jesus Carrillo to third Greg Grayson to second
|
Batting: RHB Eric Narrow
|
0-0: Swinging Strike 0-1: Fly out, F4 (Popup, 4M, EV 60.6 MPH)
|
Bottom of the 5th over - 0 runs, 2 hits, 0 errors, 3 left on base; Spokane 1 - Hudson Valley 0 |
TOP OF THE 6TH |
Spokane Indians batting - Pitching for Hudson Valley Renegades : RHP Jaime Astacio
|
Batting: RHB Casey Nelligan
|
0-0: Foul Ball, location: 2F 0-1: Called Strike 0-2: Ball 1-2: Fly out, F9 (Flyball, 89S, EV 87.5 MPH)
|
Pitching: RHP Adam Worrell
|
|
Batting: LHB Dave Doughty
|
0-0: Called Strike 0-1: Called Strike 0-2: Ball 1-2: Ball 2-2: Foul Ball, location: 2F 2-2: Strikes out looking
|
Batting: LHB Mike Sammons
|
0-0: Called Strike 0-1: Ball 1-1: Ball 2-1: Swinging Strike 2-2: Ball 3-2: Base on Balls
|
Batting: RHB Rafael Medina
|
0-0: Called Strike 0-1: Called Strike 0-2: Ball 1-2: Fly out, F8 (Flyball, 8RS, EV 72.5 MPH)
|
Top of the 6th over - 0 runs, 0 hits, 0 errors, 1 left on base; Spokane 1 - Hudson Valley 0 |
BOTTOM OF THE 6TH |
Hudson Valley Renegades batting - Pitching for Spokane Indians : LHP Valery Sahanov
|
Batting: RHB Kevin Kush
|
0-0: Called Strike 0-1: Foul Ball, location: 2F 0-2: Strikes out swinging
|
Batting: SHB Suljo Dokic
|
0-0: Ball 1-0: Called Strike 1-1: Swinging Strike 1-2: Ball 2-2: SINGLE (Groundball, 4MS, EV 66.2 MPH) (infield hit)
|
Batting: RHB Wil Urban
|
0-0: Called Strike 0-1: Called Strike 0-2: Strikes out looking
|
Batting: RHB Evan Chalarian
|
0-0: Ball 1-0: Swinging Strike 1-1: Foul Ball, location: 2F 1-2: Foul Ball, location: 2F 1-2: Strikes out swinging
|
Bottom of the 6th over - 0 runs, 1 hit, 0 errors, 1 left on base; Spokane 1 - Hudson Valley 0 |
TOP OF THE 7TH |
Spokane Indians batting - Pitching for Hudson Valley Renegades : RHP Adam Worrell
|
Pinch Hitting: SHB Kaname Fujimoto
|
0-0: Ball 1-0: Foul Ball, location: 2F 1-1: Foul Ball, location: 2F 1-2: Foul Ball, location: 2F 1-2: Ball 2-2: Foul Ball, location: 2F 2-2: Fly out, F7 (Line Drive, 7D, EV 87.5 MPH)
|
Pinch Hitting: LHB Bob Gilmour
|
0-0: Ball 1-0: Ball 2-0: Ball 3-0: Called Strike 3-1: Foul Ball, location: 2F 3-2: Base on Balls
|
Batting: RHB Darnell Jones
|
0-0: Swinging Strike 0-1: Called Strike 0-2: 2-RUN HOME RUN (Flyball, 9LD, EV 91.9 MPH), Distance : 346 ft
|
Pitching: LHP Jamie Houtman
|
|
Batting: RHB Chad Manning
|
0-0: Ball 1-0: Foul Ball, location: 2F 1-1: Foul Ball, location: 2F 1-2: Strikes out swinging
|
Batting: LHB Nick Foutz
|
0-0: Called Strike 0-1: Swinging Strike 0-2: Strikes out swinging
|
Top of the 7th over - 2 runs, 1 hit, 0 errors, 0 left on base; Spokane 3 - Hudson Valley 0 |
BOTTOM OF THE 7TH |
Hudson Valley Renegades batting - Pitching for Spokane Indians : LHP Valery Sahanov
|
Now at 1B: Herb Craig
|
|
Now at 3B: Sal Espinosa
|
|
Batting: RHB Jesus Carrillo
|
0-0: Ball 1-0: Ball 2-0: Ball 3-0: Called Strike 3-1: SINGLE (Groundball, 56D, EV 101.2 MPH)
|
Batting: SHB Josif Popovski
|
0-0: Bunted foul 0-1: Bunt missed! 0-2: Strikes out swinging
|
Batting: RHB Greg Grayson
|
0-0: Swinging Strike 0-1: Ball 1-1: Foul Ball, location: 2F 1-2: Strikes out looking
|
Batting: SHB Chris Lockart
|
0-0: Ball 1-0: Called Strike 1-1: Fielders Choice at 2nd, 5-4 (Groundball, 5L, EV 90.0 MPH)
|
Bottom of the 7th over - 0 runs, 1 hit, 0 errors, 1 left on base; Spokane 3 - Hudson Valley 0 |
TOP OF THE 8TH |
Spokane Indians batting - Pitching for Hudson Valley Renegades : LHP Jamie Houtman
|
Pitching: RHP Juan Estrella
|
|
Batting: RHB Casey Nelligan
|
0-0: Called Strike 0-1: Ball 1-1: Fly out, F9 (Flyball, 89D, EV 91.9 MPH)
|
Batting: LHB Dave Doughty
|
0-0: Called Strike 0-1: SINGLE (Flyball, 89S, EV 99.4 MPH)
|
Batting: LHB Mike Sammons
|
0-0: Swinging Strike 0-1: Ball 1-1: Foul Ball, location: 2F 1-2: Strikes out swinging
|
Batting: RHB Rafael Medina
|
0-0: Ball 1-0: Ball 2-0: Ball 3-0: Base on Balls Dave Doughty to second
|
Batting: RHB Herb Craig
|
0-0: Ground out 1-3 (Groundball, 34S, EV 67.5 MPH)
|
Top of the 8th over - 0 runs, 1 hit, 0 errors, 2 left on base; Spokane 3 - Hudson Valley 0 |
BOTTOM OF THE 8TH |
Hudson Valley Renegades batting - Pitching for Spokane Indians : LHP Valery Sahanov
|
Now in CF: Casper Kersten
|
|
Now in RF: Matt Strong
|
|
Batting: RHB Eric Narrow
|
0-0: Ground out U3 (Groundball, 34S, EV 89.4 MPH)
|
Pitching: RHP Chris Ishii
|
|
Pinch Hitting: LHB Tony Zizumbo
|
0-0: Ball 1-0: Called Strike 1-1: Fly out, F8 (Flyball, 8LD, EV 98.8 MPH)
|
Batting: SHB Suljo Dokic
|
0-0: Called Strike 0-1: Ball 1-1: Called Strike 1-2: Strikes out swinging
|
Bottom of the 8th over - 0 runs, 0 hits, 0 errors, 0 left on base; Spokane 3 - Hudson Valley 0 |
TOP OF THE 9TH |
Spokane Indians batting - Pitching for Hudson Valley Renegades : RHP Juan Estrella
|
Now in LF: Tony Zizumbo
|
|
Now in CF: Eric Narrow
|
|
Pinch Hitting: LHB Gabriel Graves
|
0-0: Called Strike 0-1: Ball 1-1: Ball 2-1: Foul Ball, location: 2F 2-2: Fly out, F8 (Flyball, 8LD, EV 83.8 MPH)
|
Batting: RHB Darnell Jones
|
0-0: Called Strike 0-1: Swinging Strike 0-2: Foul Ball, location: 2F 0-2: Ball 1-2: Foul Ball, location: 2F 1-2: Strikes out swinging
|
Batting: RHB Chad Manning
|
0-0: Foul Ball, location: 2F 0-1: Ball 1-1: Foul Ball, location: 2F 1-2: Strikes out looking
|
Top of the 9th over - 0 runs, 0 hits, 0 errors, 0 left on base; Spokane 3 - Hudson Valley 0 |
BOTTOM OF THE 9TH |
Hudson Valley Renegades batting - Pitching for Spokane Indians : RHP Chris Ishii
|
Pitching: RHP Ryan Jones
|
|
Now at 2B: Gabriel Graves
|
|
Now at 3B: Rafael Medina
|
|
Batting: RHB Wil Urban
|
0-0: Called Strike 0-1: Ball 1-1: Ball 2-1: Foul Ball, location: 2F 2-2: Foul Ball, location: 2F 2-2: Fly out, F7 (Flyball, 78S, EV 94.4 MPH)
|
Pinch Hitting: LHB Josh Redfern
|
0-0: Called Strike 0-1: Ball 1-1: Called Strike 1-2: Ball 2-2: Ball 3-2: Strikes out swinging
|
Batting: RHB Jesus Carrillo
|
0-0: Swinging Strike 0-1: Swinging Strike 0-2: Foul Ball, location: 2F 0-2: Strikes out looking
|
Bottom of the 9th over - 0 runs, 0 hits, 0 errors, 0 left on base; Spokane 3 - Hudson Valley 0 |
|